 Seeded DCSS version 0.28.0-53-g5a82cb258f (webtiles) character file.

Game seed: 13446783111955669000 (custom seed)

75325 valliere the Cleaver (level 15, -16/136 HPs)
             Began as a Deep Dwarf Fighter on Oct 30, 2022.
             Was a Priest of Uskayaw.
             Killed from afar by Nikola (38 damage)
             ... with a bolt of lightning
             ... on level 3 of the Spider Nest.
             The game lasted 00:56:17 (14276 turns).

valliere the Cleaver (Deep Dwarf Fighter)          Turns: 14276, Time: 00:56:18

Health: -16/136    AC: 40    Str: 23 (24) XL:     15   Next: 9%
Magic:  16/20      EV: 11    Int: 18      God:    Uskayaw [***...]
Gold:   1488       SH: 17    Dex: 12      Spells: 14/14 levels left

rFire   + . .      SeeInvis .   v - +9 war axe "Ibly" {vamp, rCorr Int+3}
rCold   + . .      Faith    .   Y - +1 kite shield {reflect}
rNeg    + . .      Spirit   .   h - +8 orange crystal plate armour {Archmagi, Int+3 Clar}
rPois   +          Reflect  +   K - +2 hat {Stlth+}
rElec   .          Harm     .   Z - +1 cloak {rPois}
rCorr   +          Rampage  .   l - +2 pair of gloves of Spring {rPois rF+}
Will    ++...      Archmagi +   H - +2 pair of boots {Fly}
Stlth   .......... Clarity  +   T - amulet of reflection
HPRegen 0.00/turn               g - +4 ring of evasion
MPRegen 0.17/turn               W - ring of protection from cold

@: flying
A: damage resistance, heal wounds, negative energy resistance 1, sense
surroundings 2, no regeneration, clever 1, weak 1
a: Heal Wounds, Renounce Religion, Stomp, Line Pass


You were on level 3 of the Spider Nest.
You worshipped Uskayaw.
Uskayaw was pleased with you.
You visited 5 branches of the dungeon, and saw 19 of its levels.
You also visited: Gauntlet.

You collected 1876 gold pieces.
You spent 388 gold pieces at shops.

Inventory:

Hand Weapons
 v - the +9 war axe "Ibly" (weapon) {vamp, rCorr Int+3}
   (You bought it in a shop on level 1 of the Dungeon)

   It occasionally heals its wielder for a portion of the damage dealt when it
   wounds a living foe.
   Int:       It affects your intelligence (+3).
   rCorr:     It protects you from acid and corrosion.
Missiles
 u - 24 boomerangs (quivered)
 G - 3 throwing nets
 X - 6 silver javelins
Armour
 h - the +8 orange crystal plate armour (worn) {Archmagi, Int+3 Clar}
   (You acquired it on level 1 of the Dungeon)

   Int:       It affects your intelligence (+3).
   Clar:      It protects you against confusion.
 l - the +2 pair of gloves of Spring (worn) {rPois rF+}
   (You acquired it on level 2 of the Dungeon)

   rF:        It protects you from fire.
   rPois:     It protects you from poison.
 H - a +2 pair of boots of flying (worn)
 K - a +2 hat of stealth (worn)
 U - the +2 cloak of the Sky {*Slow rPois Int+2 Stlth+}
   (You found it in a Gauntlet)

   Int:       It affects your intelligence (+2).
   rPois:     It protects you from poison.
   *Slow:     It may slow you when you take damage.
   Stlth:     It makes you more stealthy.
 Y - a +1 kite shield of reflection (worn)
 Z - a +1 cloak of poison resistance (worn)
Jewellery
 g - a +4 ring of evasion (left hand)
 m - a +4 ring of protection
 S - an amulet of the acrobat
 T - an amulet of reflection (around neck)
 W - a ring of protection from cold (right hand)
Wands
 b - a wand of polymorph (4)
 p - a wand of mindburst (18)
 w - a wand of iceblast (36)
 B - a wand of flame (28)
 D - a wand of charming (9)
 F - a wand of paralysis (12)
 I - a wand of acid (5)
 M - a wand of digging (7)
Scrolls
 c - 3 scrolls of amnesia {unknown}
 e - 10 scrolls of teleportation
 f - a scroll of silence {unknown}
 k - 2 scrolls of enchant armour
 n - 3 scrolls of identify
 o - 5 scrolls of fog
 t - a scroll of vulnerability {unknown}
 x - 4 scrolls of fear
 y - 2 scrolls of blinking
 A - 2 scrolls of magic mapping {unknown}
 C - 2 scrolls of holy word {unknown}
 O - a scroll of torment {unknown}
 V - 2 scrolls of enchant weapon {unknown}
Potions
 a - a potion of cancellation {unknown}
 d - 2 potions of might
 i - 3 potions of haste
 j - 2 potions of berserk rage
 q - 5 potions of curing {unknown}
 r - 4 potions of lignification
 s - a potion of degeneration {unknown}
 z - 7 potions of brilliance
 E - a potion of mutation
 J - 3 potions of flight
 L - 3 potions of heal wounds {unknown}
 Q - a potion of invisibility {unknown}
 R - a potion of magic {unknown}
Miscellaneous
 N - a condenser vane
 P - a phantom mirror


   Skills:
 + Level 9.4 Fighting
 * Level 14.8 Axes
 + Level 7.7 Throwing
 + Level 11.0 Armour
 + Level 14.2 Dodging
 + Level 11.0 Shields
 + Level 12.3 Invocations
 + Level 9.7 Evocations


You had 14 spell levels left.
You didn't know any spells.
Your spell library contained the following spells:

 Spells                   Type           Power      Damage    Failure   Level
 Animate Skeleton         Necr           0%         N/A       100%        1
 Pain                     Necr           0%         1d4       100%        1
 Slow                     Hex            0%         N/A       100%        1
 Sting                    Tmut/Pois      0%         1d3       100%        1
 Passwall                 Tmut/Erth      0%         N/A       100%        2
 Call Canine Familiar     Summ           0%         N/A       100%        3
 Confusing Touch          Hex            0%         N/A       100%        3
 Conjure Flame            Conj/Fire      0%         6-21      100%        3
 Gell's Gravitas          Tloc           0%         N/A       100%        3
 Inner Flame              Hex/Fire       0%         N/A       100%        3
 Portal Projectile        Hex/Tloc       0%         N/A       100%        3
 Vampiric Draining        Necr           0%         2d6       100%        3
 Cause Fear               Hex            0%         N/A       100%        4
 Flame Wave               Conj/Fire      0%         2d4       100%        4
 Fulminant Prism          Conj/Hex       0%         3d6       100%        4
 Iskenderun's Mystic Bla  Conj/Tloc      0%         2d3       100%        4
 Leda's Liquefaction      Hex/Erth       0%         N/A       100%        4
 Passage of Golubria      Tloc           0%         N/A       100%        4
 Blade Hands              Tmut           0%         N/A       100%        5
 Fireball                 Conj/Fire      0%         3d3       100%        5
 Iskenderun's Battlesphe  Conj           0%         2d6       100%        5
 Lee's Rapid Deconstruct  Erth           0%         3d5*      100%        5
 Conjure Ball Lightning   Conj/Air       0%         3x3d6     100%        6
 Dragon Form              Tmut           0%         N/A       100%        7
 Orb of Destruction       Conj           0%         9d5       100%        7
 Dragon's Call            Summ           0%         N/A       100%        9


Dungeon Overview and Level Annotations

Branches:
Dungeon (8/15)             Temple (1/1) D:5            Lair (6/6) D:8
 Shoals (0/4) Lair:2       Spider (3/4) Lair:4        Slime (1/5) Lair:6
Gauntlet (visited)

Altars:
Ashenzari
Cheibriados
Dithmenos
Elyvilon
Fedhas
Gozag
Hepliaklqana
Kikubaaqudgha
Makhleb
Nemelex Xobeh
Okawaru
Qazlal
Ru
Sif Muna
Trog
Uskayaw
Vehumet
Wu Jian
Xom
Yredelemnul
Zin
The Shining One

Shops:
D:1 (   D:5 ?   D:7 *

Annotations:
Lair:5 1 runed translucent door, Jingleheimer's ghost, journeyman FoFi
Spider:3 Nikola


Innate Abilities, Weirdness & Mutations

You are resistant to damage.
You can heal yourself by infusing magical energy.
You resist negative energy. (rN+)
You passively map the area around you.
You do not regenerate.
Your mind is acute. (Int +2)
You are weak. (Str -2)


Message History

Nikola is severely wounded.
You block Nikola's attack.
You can now pass through a line of other dancers.
Unknown command.
You slice Nikola!!
Nikola is severely wounded.
You miss the redback.
The redback bites you but does no damage.
Nikola hits you but does no damage.
You are electrocuted!
* * * LOW HITPOINT WARNING * * *
Unknown command.
You barely miss the redback. You slash Nikola!
You feel better. You block the redback's attack.
The redback bites you but does no damage.
Nikola casts a spell at you. The bolt of lightning misses you.
The bolt of lightning hits you!
* * * LOW HITPOINT WARNING * * *
Unknown command.
You slice the redback!!
The redback is severely wounded.
You hit Nikola. You block the redback's attack.
Unknown command.
You slash Nikola!
Nikola is almost dead.
You hit the redback.
The redback bites you but does no damage.
Nikola gestures wildly while chanting.
Nikola blinks!
You block the redback's attack.
Uskayaw will force your foes to helplessly watch your dance.
Uskayaw prepares the audience for your solo!
The helpless redback fails to defend itself.
You slash the redback!
You feel better.
You kill the redback!
Unknown command.
A redback comes into view.
Nikola is no longer paralysed.
A culicivora comes into view.
Nikola points at you and mumbles some strange words.
The bolt of lightning hits you!!!
You die...

* * * * , * *
,*...^ ,* **,
*,, *.^.. *
##*### ^ *
#.... ###.##^..
* , .s..,
###...#^..^ *
...##^.......#
** , ,
*#.#.......####
,, * * *
#.@....$.^..##
, * * *
#...@....^?...
, * *
##.##.ยง######*
* #.####^.## ,
, * ### ##.^# ,
##.## ** ##.#
#.## ##.###
##^.######


You could see Nikola and a culicivora (wandering).

Vanquished Creatures
  Gastronok (D:8)
  2 acid blobs (Slime:1)
  2 ghost moths
  2 emperor scorpions (Spider:1)
  2 dire elephants
  An entropy weaver (Spider:1)
  A minotaur (Gauntlet)
  A fire dragon (Lair:6)
  5 hydras
  Harold (D:8)
  3 boulder beetles
  An anaconda (Lair:6)
  Erica (D:8)
  A two-headed ogre (D:8)
  10 death yaks
  2 pharaoh ants (Spider:1)
  4 steelbarb worms (Spider:1)
  A swamp dragon (Lair:6)
  5 orb spiders
  A necromancer (Gauntlet)
  A lindwurm (Lair:6)
  5 wolf spiders
  2 elephants (Gauntlet)
  An oklob plant (Gauntlet)
  3 black mambas
  Joseph (D:8)
  An eye of devastation (Lair:6)
  8 cane toads
  7 demonic crawlers
  4 rime drakes
  5 komodo dragons
  A troll (D:8)
  3 meliai (Spider:1)
  11 polar bears
  13 tarantellas
  10 blink frogs
  3 hornets
  4 raiju (Lair:6)
  5 dream sheep (Lair:5)
  4 slime creatures (Slime:1)
  9 jumping spiders
  41 yaks
  7 culicivoras
  A spriggan (Lair:2)
  2 wyverns
  2 steam dragons (Lair:6)
  2 basilisks (Lair:6)
  30 redbacks
  6 wargs (Lair:6)
  A floating eye (Lair:6)
  4 acid dragons
  8 water moccasins
  A swamp drake (Lair:6)
  11 hell hounds (Lair:6)
  15 black bears
  3 ice beasts
  2 ogres
  32 wolves
  A centaur (D:8)
  2 phantoms
  11 bullfrogs
  A gnoll sergeant (D:6)
  5 scorpions
  A water moccasin skeleton (D:5)
  3 killer bees (D:7)
  6 electric eels
  2 jellies
  3 orc priests
  5 hounds
  5 iguanas
  Natasha (thrice) (D:3)
  4 orc wizards
  5 hell rats (Lair:3)
  A killer bee zombie (D:7)
  12 gnolls
  2 howler monkey skeletons
  5 adders
  A shadow imp (D:8)
  13 white imps
  4 worms
  A dart slug (D:1)
  23 orcs
  10 ball pythons
  8 endoplasms
  4 giant cockroaches
  10 goblins
  10 hobgoblins
  8 jackals
  3 quokkas
  6 bats
  4 frilled lizards
  8 kobolds
  A quokka skeleton (D:4)
  2 rats
509 creatures vanquished.

Vanquished Creatures (others)
  A boulder beetle (Spider:1)
  5 demonic crawlers
  2 tarantellas (Spider:1)
  18 fungi
  51 plants
77 creatures vanquished.

Grand Total: 586 creatures vanquished

Notes
Turn   | Place    | Note
-------+----------+-------------------------------------------
     0 | D:1      | valliere the Deep Dwarf Fighter began the quest for the
                  | Orb.
     0 | D:1      | Reached XP level 1. HP: 20/20 MP: 1/1
   174 | D:1      | Reached XP level 2. HP: 21/27 MP: 2/2
   177 | D:1      | Found a faded altar of an unknown god.
   184 | D:1      | Found Noebyowk's Antique Weapon Shoppe.
   350 | D:1      | Identified 3 scrolls of acquirement
   350 | D:1      | Acquired the +8 orange crystal plate armour {Archmagi,
                  | Int+3 Clar}
   350 | D:1      | Found the +8 orange crystal plate armour {Archmagi, Int+3
                  | Clar}
   440 | D:1      | Reached skill level 1 in Invocations
   591 | D:1      | Reached XP level 3. HP: 25/33 MP: 3/3
   987 | D:2      | Acquired the +2 pair of gloves of Spring {rPois rF+}
   999 | D:2      | Acquired a manual of Dodging
  1019 | D:2      | Found a sacrificial altar of Ru.
  1432 | D:2      | Reached XP level 4. HP: 28/42 MP: 5/5
  1520 | D:3      | Noticed a phantom
  1528 | D:3      | Killed a phantom
  1529 | D:3      | Reached skill level 1 in Dodging
  1529 | D:3      | Reached XP level 5. HP: 27/49 MP: 6/6
  1722 | D:3      | Noticed Natasha
  1731 | D:3      | Killed Natasha
  1782 | D:3      | Noticed Natasha
  1791 | D:3      | Killed Natasha
  2355 | D:3      | Noticed Natasha
  2361 | D:3      | Killed Natasha
  2362 | D:3      | Reached XP level 6. HP: 52/56 MP: 5/7
  2909 | D:4      | Reached XP level 7. HP: 25/63 MP: 8/8
  3142 | D:4      | Got Yddatwyc's Volume of Rotation
  3215 | D:4      | Acquired 607 gold pieces
  3298 | D:1      | Bought a masterwork war axe for 246 gold pieces
  3298 | D:1      | Identified the +9 war axe "Ibly" {vamp, rCorr Int+3} (You
                  | bought it in a shop on level 1 of the Dungeon)
  3422 | D:4      | Reached skill level 5 in Axes
  3484 | D:5      | Entered Level 5 of the Dungeon
  3701 | D:5      | Found a staircase to the Ecumenical Temple.
  3716 | Temple   | Entered the Ecumenical Temple
  3961 | Temple   | Gained mutation: Your spells are a little harder to cast,
                  | but a little more powerful. [potion of mutation]
  3961 | Temple   | Gained mutation: Armour fits poorly on your strangely
                  | shaped body. [potion of mutation]
  3961 | Temple   | Gained mutation: Your magical capacity is low. (-10% MP)
                  | [potion of mutation]
  3962 | Temple   | Lost mutation: Armour fits poorly on your strangely shaped
                  | body. [potion of mutation]
  3962 | Temple   | Lost mutation: Your magical capacity is low. (-10% MP)
                  | [potion of mutation]
  3962 | Temple   | Lost mutation: Your spells are a little harder to cast, but
                  | a little more powerful. [potion of mutation]
  3962 | Temple   | Gained mutation: You are partially covered in iridescent
                  | scales. (AC +2) [potion of mutation]
  3962 | Temple   | Gained mutation: You are dopey. (Int -2) [potion of
                  | mutation]
  3963 | Temple   | Lost mutation: You are dopey. (Int -2) [potion of mutation]
  3963 | Temple   | Lost mutation: You are partially covered in iridescent
                  | scales. (AC +2) [potion of mutation]
  3963 | Temple   | Gained mutation: Armour fits poorly on your strangely
                  | shaped body. [potion of mutation]
  3964 | Temple   | Lost mutation: Armour fits poorly on your strangely shaped
                  | body. [potion of mutation]
  3964 | Temple   | Gained mutation: You are weak. (Str -2) [potion of
                  | mutation]
  3964 | Temple   | Gained mutation: Your mind is acute. (Int +2) [potion of
                  | mutation]
  3972 | Temple   | Became a worshipper of Uskayaw the Reveller
  4040 | D:5      | Found Jaiweyt's Magic Scroll Boutique.
  4049 | D:5      | Bought a scroll of enchant armour for 82 gold pieces
  4049 | D:5      | Bought a scroll of identify for 22 gold pieces
  4049 | D:5      | Bought a scroll of fear for 38 gold pieces
  4206 | D:5      | Reached * piety under Uskayaw
  4371 | D:6      | Reached ** piety under Uskayaw
  4373 | D:6      | Reached *** piety under Uskayaw
  4376 | D:6      | Reached skill level 5 in Armour
  4388 | D:6      | Reached **** piety under Uskayaw
  4452 | D:6      | Reached skill level 5 in Shields
  4452 | D:6      | Reached XP level 8. HP: 55/72 MP: 10/10
  4583 | D:6      | Reached skill level 5 in Dodging
  4689 | D:6      | Found a burning altar of Makhleb.
  5267 | D:7      | Reached skill level 5 in Invocations
  5574 | D:7      | Found Ceexzuv's Assorted Antiques.
  5663 | D:7      | Reached skill level 1 in Throwing
  5663 | D:7      | Gained mutation: You passively map the area around you.
                  | [Deep Dwarf growth]
  5663 | D:7      | Reached XP level 9. HP: 80/80 MP: 12/12
  5990 | D:8      | Reached skill level 5 in Fighting
  6041 | D:8      | Noticed Harold
  6056 | D:8      | Killed Harold
  6099 | D:8      | Noticed Erica
  6106 | D:8      | Killed Erica
  6107 | D:8      | Noticed a troll
  6115 | D:8      | Killed a troll
  6115 | D:8      | Noticed Joseph
  6116 | D:8      | Reached XP level 10. HP: 91/91 MP: 6/14
  6118 | D:8      | Reached ***** piety under Uskayaw
  6124 | D:8      | Reached ****** piety under Uskayaw
  6136 | D:8      | Killed Joseph
  6139 | D:8      | Found a staircase to the Lair.
  6449 | D:8      | Noticed Gastronok
  6473 | D:8      | Killed Gastronok
  6715 | D:8      | Noticed a two-headed ogre
  6724 | D:8      | Killed a two-headed ogre
  6832 | Lair:1   | Entered Level 1 of the Lair of Beasts
  7049 | Lair:1   | Noticed a six-headed hydra
  7074 | Lair:1   | Killed a 16-headed hydra
  7075 | Lair:1   | Reached skill level 1 in Evocations
  7260 | Lair:1   | Noticed a cane toad
  7268 | Lair:1   | Killed a cane toad
  7269 | Lair:1   | Reached skill level 10 in Axes
  7269 | Lair:1   | Reached XP level 11. HP: 13/99 MP: 15/15
  7981 | Lair:2   | Found a glowing silver altar of Zin.
  8103 | Lair:2   | Reached skill level 10 in Dodging
  8228 | Lair:2   | Found a staircase to the Shoals.
  8632 | Lair:3   | You fall into a shaft and drop 2 floors!
  8641 | Lair:5   | Reached XP level 12. HP: 109/109 MP: 17/17
  8648 | Lair:5   | Found a gate leading to a gauntlet.
  8667 | Gauntlet | Entered a Gauntlet
  8667 | Gauntlet | Found a large runed translucent door.
  8667 | Gauntlet | Found a large runed translucent door.
  8667 | Gauntlet | Found a large runed translucent door.
  8667 | Gauntlet | Found a large runed translucent door.
  8667 | Gauntlet | Found a large runed translucent door.
  8667 | Gauntlet | Found a large runed translucent door.
  8667 | Gauntlet | Found a runed translucent door.
  8667 | Gauntlet | Found a transporter.
  8667 | Gauntlet | Found a transporter.
  8667 | Gauntlet | Found a runed translucent door.
  8667 | Gauntlet | Found a large runed translucent door.
  8667 | Gauntlet | Found a large runed translucent door.
  8667 | Gauntlet | Found a large runed translucent door.
  8667 | Gauntlet | Found a large runed translucent door.
  8667 | Gauntlet | Found a large runed translucent door.
  8667 | Gauntlet | Found a large runed translucent door.
  8671 | Gauntlet | Found a transporter.
  8672 | Gauntlet | Found a large runed translucent door.
  8672 | Gauntlet | Found a large runed translucent door.
  8672 | Gauntlet | Found a large runed translucent door.
  8672 | Gauntlet | Found a large runed translucent door.
  8676 | Gauntlet | Found a runed translucent gate.
  8676 | Gauntlet | Found a runed translucent gate.
  8676 | Gauntlet | Found a runed translucent gate.
  8685 | Gauntlet | Found a transporter.
  8691 | Gauntlet | Found a transporter.
  8691 | Gauntlet | Found a transporter.
  8693 | Gauntlet | Noticed a death yak
  8693 | Gauntlet | Noticed a death yak
  8694 | Gauntlet | Noticed a death yak
  8694 | Gauntlet | Noticed a death yak
  8695 | Gauntlet | Noticed a death yak
  8699 | Gauntlet | Noticed a death yak
  8715 | Gauntlet | Found a transporter.
  8722 | Gauntlet | Found a transporter.
  8736 | Gauntlet | Found a transporter.
  8747 | Gauntlet | Found a transporter.
  8756 | Gauntlet | Found a transporter.
  8778 | Gauntlet | Found a transporter.
  8782 | Gauntlet | Noticed a ghost crab
  8824 | Gauntlet | Found a transporter.
  8838 | Gauntlet | Found a transporter.
  8940 | Gauntlet | Found a transporter.
  8946 | Gauntlet | Noticed a dire elephant
  8958 | Gauntlet | Found a transporter.
  9090 | Gauntlet | Reached skill level 5 in Throwing
  9130 | Gauntlet | Killed a dire elephant
  9139 | Gauntlet | Identified the +2 cloak of the Sky {*Slow rPois Int+2
                  | Stlth+}
  9191 | Gauntlet | Killed a death yak
  9195 | Gauntlet | Killed a death yak
  9196 | Gauntlet | Reached skill level 5 in Evocations
  9197 | Gauntlet | Killed a death yak
  9198 | Gauntlet | Killed a death yak
  9199 | Gauntlet | Killed a death yak
  9208 | Gauntlet | Killed a death yak
  9310 | Gauntlet | Noticed a minotaur
  9325 | Gauntlet | Killed a minotaur
  9335 | Gauntlet | Identified the +2 ring mail "Gurphubb" {Int+7}
  9338 | Gauntlet | Got the Guide on Translocation
  9352 | Gauntlet | Got the Incunabulum of Confrontation
  9563 | Lair:5   | Reached skill level 10 in Invocations
  9804 | Lair:5   | Found a runed translucent door.
  9805 | Lair:5   | Noticed a death yak
  9806 | Lair:5   | Noticed Jingleheimer's ghost (journeyman FoFi)
 10087 | Lair:6   | Entered Level 6 of the Lair of Beasts
 10146 | Lair:6   | Noticed an eight-headed hydra
 10148 | Lair:6   | Noticed a four-headed hydra
 10159 | Lair:6   | Killed a five-headed hydra
 10161 | Lair:6   | Killed a 13-headed hydra
 10262 | Lair:6   | Reached XP level 13. HP: 95/117 MP: 16/16
 10484 | Lair:6   | Found a staircase to the Slime Pits.
 10488 | Lair:6   | Paralysed by a floating eye for 3 turns
 10829 | Lair:6   | Noticed a dire elephant
 10851 | Lair:6   | Killed a dire elephant
 10852 | Lair:6   | Reached skill level 10 in Armour
 11082 | Lair:6   | Reached skill level 10 in Shields
 11115 | Lair:6   | Noticed a fire dragon
 11132 | Lair:6   | Killed a fire dragon
 11141 | Lair:6   | Identified the +12 long sword of Midwinter {speed, Int+5
                  | Dex-3}
 11221 | Slime:1  | Entered Level 1 of the Pits of Slime
 11230 | Slime:1  | Noticed an acid blob
 11240 | Slime:1  | Noticed an acid blob
 11251 | Slime:1  | Killed an acid blob
 11262 | Slime:1  | Killed an acid blob
 11264 | Slime:1  | Gained mutation: You resist negative energy. (rN+) [Deep
                  | Dwarf growth]
 11264 | Slime:1  | Reached XP level 14. HP: 67/127 MP: 18/18
 11272 | Slime:1  | Noticed a quicksilver ooze
 11274 | Slime:1  | Noticed a quicksilver ooze
 11530 | Lair:4   | Found a hole to the Spider Nest.
 12947 | Spider:1 | Entered Level 1 of the Spider Nest
 13027 | Spider:1 | Killed a ghost moth
 13113 | Spider:1 | Noticed an emperor scorpion
 13120 | Spider:1 | Killed an emperor scorpion
 13299 | Spider:1 | Noticed an emperor scorpion
 13319 | Spider:1 | Killed an emperor scorpion
 13825 | Spider:2 | Reached XP level 15. HP: 124/135 MP: 20/20
 14255 | Spider:3 | Noticed Nikola
 14276 | Spider:3 | Killed from afar by Nikola

Illustrated notes

Levels and vault maps discovered:
D:1:      scummos_arrival_simple_crosswalls, layout_loops_ring,
          hellmonk_ecumenical_altar_lost_god, serial_forest,
          infiniplex_forest_clump_diagonal, infiniplex_forest_lined_3,
          infiniplex_forest_lined_ring, infiniplex_forest_clump_small,
          infiniplex_forest_straight_3, infiniplex_forest_clump_C, serial_shops,
          shop, serial_park_tiny_pond, minivault_27, hangedman_glass_teeth,
          hangedman_decor_peaks_small, minmay_tromino_v4_b
D:2:      layout_basic, basic_altar
D:3:      layout_basic, saegor_snake_ambush, uniq_natasha
D:4:      kennysheep_six_static_rooms, layout_loops_ring
D:5:      layout_loops_ring, minmay_temple_entry_junction, serial_shops, shop
D:6:      layout_loops_cross, lightli_temple_of_fire
D:7:      layout_loops_corners, serial_shops, nicolae_shop_window_shopping,
          kennysheep_generic_room_4
D:8:      layout_loops_ring, erik_lair_island, kennysheep_generic_room_14,
          uniq_erica, uniq_gastronok, uniq_joseph, uniq_harold
Temple:   mainiacjoe_temple_starburst
Lair:1:   layout_loops_ring, serial_bayou_shore_b, serial_bayou_shore_b
Lair:2:   layout_gridlike, elwin_shoals_entry_rooms, basic_altar,
          grunt_forest_stairs_clearing
Lair:3:   layout_regular_city, portal_ice_cave_entry_imps,
          dpeg_stationary_puzzle
Lair:4:   layout_regular_city, spider_nest_entry_a, serial_rivers,
          chequers_serial_rivers_room_a, chequers_serial_rivers_micro_e,
          chequers_serial_rivers_room_a, chequers_serial_rivers_large_b,
          chequers_serial_rivers_small_b, lemuel_fruit_fields
Lair:5:   layout_loops_ring, gauntlet_entry_generic, ebering_ghost_inner_flame,
          grunt_megastairs_3, serial_bayou_shore_b
Lair:6:   hangedman_lair_caniforms_friends, layout_long_grid,
          guppyfry_lair_end_dragon, minmay_slime_entry_eyes
Spider:1: nicolae_spider_corner
Spider:2: layout_spider_delve
Spider:3: layout_cave_pods, nicolae_spider_cling_halls, uniq_nikola,
          uniq_arachne
Slime:1:  layout_caves

Skill      XL: |  1  2  3  4  5  6  7  8  9 10 11 12 13 14 15 |
---------------+----------------------------------------------+-----
Invocations    | 1 2 3 4 5 6 7 9 10 11 12 | 12.3
Axes           | 3 4 5 7 8 10 11 12 13 14 | 14.8
Fighting       | 3 4 5 6 7 8 9 |  9.4
Dodging        | 1 2 3 4 6 7 9 10 11 13 14 | 14.2
Armour         | 4 5 6 7 8 9 10 11 | 11.0
Shields        | 4 5 6 7 8 9 10 11 | 11.0
Throwing       | 1 2 3 4 5 6 7 |  7.7
Evocations     | 1 4 6 8 9 |  9.7

Action                   |  1- 3 |  4- 6 |  7- 9 | 10-12 | 13-15 || total
-------------------------+-------+-------+-------+-------+-------++-------
Melee: War axe           |   102 |   136 |   194 |   365 |   731 ||  1528
Throw: Boomerang         |       |       |    11 |     7 |    17 ||    35
Invok: Line Pass         |       |       |     1 |     1 |       ||     2
       Stomp             |       |       |     1 |    11 |    13 ||    25
       Grand Finale      |       |       |       |     1 |       ||     1
 Abil: Heal Wounds       |       |     1 |       |     6 |     2 ||     9
  Use: Scroll            |     3 |       |     6 |     5 |     1 ||    15
       Potion            |       |       |     4 |       |     1 ||     5
 Stab: Paralysed         |       |       |    13 |    49 |   103 ||   165
Armor: Scale mail        |    18 |       |       |       |       ||    18
       Crystal plate arm |    52 |   130 |   141 |   439 |   631 ||  1393
Dodge: Dodged            |    24 |    24 |    36 |   134 |   299 ||   517
Block: Buckler           |    29 |    37 |    43 |   104 |       ||   213
       Kite shield       |       |       |       |    68 |   805 ||   873
       Reflection        |       |       |       |       |     3 ||     3
